 Dungeon Crawl Stone Soup version 0.25-a0-420-g1cc7eeb0d1 (webtiles) character file.

Game seed: 1094745187065578055, levelgen mode: deterministic

198 Gargoyl the Skirmisher (level 5, -2/46 HPs)
             Began as a Centaur Abyssal Knight on Jan 18, 2020.
             Was a Believer of Lugonu.
             Slain by Grinder (5 damage)
             ... on level 3 of the Dungeon.
             The game lasted 00:04:54 (3082 turns).

Gargoyl the Skirmisher (Centaur Abyssal Knight)     Turns: 3082, Time: 00:04:55

Health: -2/46      AC: 10    Str: 15    XL:     5   Next: 47%
Magic:  7/7        EV:  2    Int: 11    God:    Lugonu [**....]
Gold:   84         SH:  3    Dex:  9    Spells: 4/4 levels left

rFire    . . .     SeeInvis .   a - +1 hand axe
rCold    . . .     Gourm    .   (no shield)
rNeg     . . .     Faith    .   d - +0 plate armour
rPois    .         Spirit   .   (no helmet)
rElec    .         Reflect  +   e - +0 cloak
rCorr    .         Harm     .   (no gloves)
MR       .....                  (no barding)
Stlth    ..........             h - +3 amulet of reflection
HPRegen  0.15/turn              (no ring)
MPRegen  0.10/turn              (no ring)

@: very quick
A: large, hooves 3, deformed body, speed 2, tough skin 3
a: Depart the Abyss, Bend Space, Renounce Religion


You were on level 3 of the Dungeon.
You worshipped Lugonu.
Lugonu was pleased with you.
You were very hungry.

You visited 1 branch of the dungeon, and saw 4 of its levels.
You visited the Abyss 1 time.

You collected 84 gold pieces.

Inventory:

Hand Weapons
 a - a +1 hand axe (weapon)
Missiles
 l - 7 boomerangs (quivered)
Armour
 d - a +0 plate armour (worn)
 e - a +0 cloak (worn)
Jewellery
 h - a +3 amulet of reflection (around neck)
Scrolls
 i - 2 scrolls of identify
 k - a scroll of remove curse
Potions
 b - 4 potions of brilliance
 f - a potion of haste {unknown}
 j - a potion of magic
 m - a potion of heal wounds {unknown}
 n - a potion of degeneration {unknown}
 o - a potion of mutation {unknown}
Comestibles
 c - 7 rations


   Skills:
 + Level 3.7 Fighting
 + Level 2.8 Axes
 * Level 2.7 Armour
 * Level 1.4 Dodging
 * Level 2.9 Invocations


You had 4 spell levels left.
You didn't know any spells.
Your spell library was empty.

Dungeon Overview and Level Annotations

Branches:
Dungeon (4/15)
 Temple: D:4-7

Altars:
Ashenzari
Fedhas
Vehumet
Wu Jian
Xom

Annotations:
D:3 Grinder, Sigmund


Innate Abilities, Weirdness & Mutations

You have hooves in place of feet.
Armour fits poorly on your strangely shaped body.
You cover ground very quickly.
You have extremely tough skin. (AC +3)


Message History

Grinder hits you but does no damage.
You hit Grinder.
Grinder is severely wounded.
Grinder says, "Wait up."
Grinder gestures at you.
You suddenly lose the ability to move!
Grinder hits you. x2
You writhe in agony.
Grinder hits you.
You writhe in agony.
Sigmund the Dreaded comes into view.
He is wielding a +0 scythe.
Grinder blinks!
You can move again.
Unknown command.
Grinder gestures at you. Pain shoots through your body!
* * * LOW HITPOINT WARNING * * *
You closely miss Grinder.
Grinder is severely wounded.
Grinder hits you.
You die...

# .......# #...#
.....#.##...... # #..
..?..[........ #
#.###............ #
#######.#..............
###
#...................[..
...
.#####>##.$..........
### #..##.ยง.........#
.# ##.###..@.....#..#
... ...###..)5....##.#
.# .............!...###
.
##.###.......#.##...#.#
..#...."..>..........#
#
....@.P.P.....#..##.##
# ......_...##.##.# ##
# ..##.P.P.###..#.## .#
#. # #. #.....#
##....##.##...


You could see Grinder and Sigmund.

Vanquished Creatures
  A crimson imp (D:3)
  Ijyb (D:3)
  An orc wizard (D:4)
  3 adders
  A gnoll (D:1)
  2 worms
  2 dart slugs (D:3)
  2 leopard geckos
  3 orcs
  7 bats
  8 giant cockroaches
  5 goblins
  3 hobgoblins
  2 jackals (D:1)
  6 kobolds
  3 quokkas (D:3)
  3 ball pythons
  7 frilled lizards
  A quokka skeleton (D:3)
  7 rats
68 creatures vanquished.

Notes
Turn   | Place    | Note
-------+----------+-------------------------------------------
     0 | Abyss:1  | Gargoyl the Centaur Abyssal Knight began the quest for the
                  | Orb.
     0 | Abyss:1  | Reached XP level 1. HP: 19/19 MP: 2/2
    27 | Abyss:1  | Noticed a quasit
    72 | Abyss:2  | Noticed a large abomination
    81 | Abyss:2  | Noticed a starcursed mass
    90 | Abyss:2  | Noticed a starcursed mass
    99 | Abyss:2  | Noticed a smoke demon
   101 | D:1      | Escaped the Abyss
   182 | D:1      | Reached XP level 2. HP: 13/26 MP: 3/3
   430 | D:1      | Reached * piety under Lugonu
   436 | D:1      | Reached skill level 1 in Dodging
   908 | D:1      | Reached XP level 3. HP: 30/31 MP: 4/4
  1636 | D:2      | Found an ornate altar of the Wu Jian Council.
  1781 | D:3      | Found a shimmering altar of Xom.
  1786 | D:3      | Noticed Ijyb
  1787 | D:3      | Reached ** piety under Lugonu
  1787 | D:3      | Reached XP level 4. HP: 38/38 MP: 5/5
  1829 | D:3      | Killed Ijyb
  2203 | D:3      | Reached XP level 5. HP: 45/45 MP: 7/7
  2312 | D:3      | HP: 2/45 [poisoned by a kobold]
  2318 | D:3      | HP: 2/45 [poisoned by a kobold]
  2324 | D:3      | HP: 2/45 [poisoned by a kobold]
  2650 | D:3      | Found a radiant altar of Vehumet.
  2702 | D:3      | Found a blossoming altar of Fedhas.
  2708 | D:3      | Noticed Grinder
  2728 | D:4      | Found a shattered altar of Ashenzari.
  3076 | D:3      | Paralysed by Grinder for 5 turns
  3080 | D:3      | Noticed Sigmund
  3082 | D:3      | Slain by Grinder

Levels and vault maps discovered:
D:1:      psy_arrival_statuary, layout_basic
D:2:      layout_rooms, lemuel_crystal_altar, first_ration, kennysheep_donut
D:3:      layout_rooms, lemuel_round_altar, minitemple, lemuel_round_altar,
          fedhas_altar_1, uniq_ijyb, uniq_sigmund, uniq_grinder
D:4:      layout_rooms, elyvilon_altar_3, ashenzari_altar_1, lemuel_round_altar

Skill      XL: |  1  2  3 |
---------------+----------+-----
Axes           | 2 |  2.8
Dodging        | 1 |  1.4
Armour         | 2 |  2.7
Fighting       | |  3.7
Invocations    | |  2.9

Action                   |  1- 3 |  4- 6 || total
-------------------------+-------+-------++-------
Melee: Hand axe          |   115 |   130 ||   245
       Kick              |    16 |    23 ||    39
       Unarmed           |       |    21 ||    21
Invok: Depart the Abyss  |     1 |       ||     1
  Use: Scroll            |     8 |     1 ||     9
       Potion            |     1 |     2 ||     3
  Eat: Chunk             |     1 |     4 ||     5
Armor: Plate armour      |   109 |   116 ||   225
       Leather armour    |     2 |       ||     2
Dodge: Dodged            |    13 |    32 ||    45
Block: Other             |     1 |    24 ||    25

Table legend:
 A = Non-vault XP
 B = Vault XP
 C = Vault XP percentage of total XP
 D = Non-vault monster count
 E = Vault monster count
 F = Vault count percentage of total count
                 A         B        C        D         E       F
            +---------+---------+-------+---------+---------+-------
      Total |     247 |      36 |  12.7 |      67 |       1 |   1.5
            +---------+---------+-------+---------+---------+-------
        D:1 |      51 |       0 |   0.0 |      25 |       0 |   0.0
        D:2 |      41 |       0 |   0.0 |      11 |       0 |   0.0
        D:3 |     110 |      36 |  24.7 |      25 |       1 |   3.8
        D:4 |      45 |       0 |   0.0 |       6 |       0 |   0.0
            +---------+---------+-------+---------+---------+-------
